 Dungeon Crawl Stone Soup version 0.28.0-45-g0d030f2227 (webtiles) character file.

Game seed: 7575887570881773302

2053 Kaptain the Digger (level 9, -3/54 HPs)
             Began as a Gargoyle Earth Elementalist on Apr 14, 2022.
             Slain by Duvessa
             ... wielding a +0 short sword
              (8 damage)
             ... on level 6 of the Dungeon.
             The game lasted 00:10:20 (5898 turns).

Kaptain the Digger (Gargoyle Earth Elementalist)    Turns: 5898, Time: 00:10:20

Health: -3/54      AC: 13    Str: 13    XL:     9   Next: 25%
Magic:  10/16      EV: 12    Int: 19    God:
Gold:   254        SH:  0    Dex: 10    Spells: 11/18 levels left

rFire   . . .      SeeInvis .   b - +4 war axe
rCold   . . .      Faith    .   (no shield)
rNeg    + . .      Spirit   .   i - +0 leather armour
rPois   ∞          Reflect  .   p - +2 hat
rElec   +          Harm     .   (no cloak)
rCorr   .          Rampage  .   (no gloves)
Will    .....                   t - +0 pair of boots
Stlth   ++........              (no amulet)
HPRegen 0.18/turn               (no ring)
MPRegen 0.15/turn               (no ring)

@: very slightly contaminated
A: sickness immunity, AC +6, negative energy resistance 1, electricity
resistance, torment resistance 1, petrification resistance
a: no special abilities


You were on level 6 of the Dungeon.
You visited 1 branch of the dungeon, and saw 6 of its levels.

You collected 254 gold pieces.

Inventory:

Hand Weapons
 b - a +4 war axe (weapon)
 d - a +0 trident
 f - a +2 hand axe of holy wrath
 m - a +0 hunting sling
 s - a +3 battleaxe of freezing
Missiles
 a - 20 stones
 j - 3 throwing nets
 r - 20 sling bullets
Armour
 i - a +0 leather armour (worn)
 p - a +2 hat (worn)
 t - a +0 pair of boots (worn)
 v - a +0 ring mail of fire resistance
Wands
 e - a wand of flame (30)
 l - a wand of charming (8)
Scrolls
 g - a scroll of fear
 k - 4 scrolls of teleportation
 o - a scroll of immolation
Potions
 h - a potion of brilliance


   Skills:
 * Level 5.5 Fighting
 + Level 3.8 Armour
 + Level 3.3 Dodging
 - Level 2.1 Stealth
 * Level 5.2 Spellcasting
 * Level 5.6 Conjurations
 - Level 0.7 Transmutations
 * Level 7.3 Earth Magic


You had 11 spell levels left.
You knew the following spells:

 Your Spells              Type           Power      Damage    Failure   Level
a - Sandblast             Erth           66%        2d15      1%          1
b - Stone Arrow           Conj/Erth      58%        3d10      3%          3
c - Mephitic Cloud        Conj/Pois/Air  12%        N/A       21%         3

Your spell library contained the following spells:

 Spells                   Type           Power      Damage    Failure   Level
 Passwall                 Tmut/Erth      16%        N/A       4%          2
 Freeze                   Ice            16%        1d4       16%         1
 Petrify                  Tmut/Erth      20%        N/A       28%         4
 Ignite Poison            Fire/Tmut/Pois 5%         N/A       38%         3
 Frozen Ramparts          Ice            8%         1d2       41%         3
 Hailstorm                Conj/Ice       15%        3d5       43%         4
 Freezing Cloud           Conj/Ice/Air   6%         6-21      88%         5


Dungeon Overview and Level Annotations

Branches:
Dungeon (6/15)
 Temple: D:4-7

Altars:
Trog
Wu Jian

Shops:
D:3 [

Annotations:
D:5 2 runed translucent doors, Vangrel's ghost, novice HOFi
D:6 Duvessa


Innate Abilities, Weirdness & Mutations

You are immune to sickness and miasma.
Your stone body is resilient. (AC +6)
You are immune to poison.
You resist negative energy. (rN+)
You are resistant to electric shocks. (rElec)
You are resistant to unholy torment.
You are immune to petrification.


Message History

* * * LOW HITPOINT WARNING * * *
You're too confused to move!
Duvessa hits you with a +0 short sword.
* * * LOW HITPOINT WARNING * * *
Okay, then.
You bump into the rock wall.
Duvessa hits you but does no damage. Duvessa hits you with a +0 short sword.
* * * LOW HITPOINT WARNING * * *
Unknown command.
Duvessa rages.
Duvessa hits you with a +0 short sword.
* * * LOW HITPOINT WARNING * * *
You see here 24 arrows.
You barely miss Duvessa.
Duvessa is moderately wounded.
Duvessa hits you but does no damage. Duvessa hits you with a +0 short sword!
* * * LOW HITPOINT WARNING * * *
Duvessa hits you with a +0 short sword!
* * * LOW HITPOINT WARNING * * *
You bump into the rock wall.
You feel less invigorated.
You feel less confused. Duvessa hits you with a +0 short sword.
Duvessa barely misses you.
Casting: Sandblast (safe; 1% risk of failure)
Confirm with . or Enter, or press ? or * to list all spells.
Aiming: Stone Arrow (dangerous; 3% risk of failure)
Press: ? - help, Shift-Dir - straight line, f/p - Duvessa
Aim: Duvessa, wielding a +0 short sword and wearing a +0 scale mail (moderately wounded, berserk, 79% to hit)
You miscast Stone Arrow.
You are very lightly contaminated with residual magic.
Nothing appears to happen.
Duvessa hits you with a +0 short sword!
* * * LOW HITPOINT WARNING * * *
Okay, then.
Casting: Stone Arrow (dangerous; 3% risk of failure)
Confirm with . or Enter, or press ? or * to list all spells.
Aiming: Stone Arrow (dangerous; 3% risk of failure)
Press: ? - help, Shift-Dir - straight line, f/p - Duvessa
Aim: Duvessa, wielding a +0 short sword and wearing a +0 scale mail (moderately wounded, berserk, 79% to hit)
The stone arrow misses Duvessa.
Duvessa hits you with a +0 short sword.
* * * LOW HITPOINT WARNING * * *
Duvessa hits you with a +0 short sword!
You die...

#.# #.# ######.##
........######
##.####......#####
...# #†.....#...#
####
##......#...#######
#..................#
#...........@#####.##
#.........###e......#
....##..#+##
#.(.....# .....
##.#.####.......#
......
...............+
......
##.#####........#
#.######## #.# #'#


You could see Duvessa (berserk).

Vanquished Creatures
  Pikel (D:4)
  A centaur zombie (D:5)
  Grinder (D:4)
  Eustachio (D:5)
  A sky beast (D:6)
  2 ogres
  A phantom (D:5)
  3 lemures
  Blork the orc (D:5)
  Dowan (D:6)
  4 wights (D:5)
  A howler monkey (D:5)
  A centaur skeleton (D:3)
  Ijyb (D:5)
  2 iguanas
  A scorpion zombie (D:5)
  5 gnolls (D:3)
  2 adders
  A white imp (D:6)
  An ufetubus (D:5)
  2 worms
  5 dart slugs
  2 orcs
  4 bats
  2 endoplasms
  4 giant cockroaches
  3 goblins
  7 hobgoblins
  3 jackals (D:2)
  3 kobolds (D:2)
  3 quokkas
  4 ball pythons
  3 frilled lizards
  2 rats
79 creatures vanquished.

Vanquished Creatures (others)
  A plant (D:6)
1 creature vanquished.

Grand Total: 80 creatures vanquished

Notes
Turn   | Place    | Note
-------+----------+-------------------------------------------
     0 | D:1      | Kaptain the Gargoyle Earth Elementalist began the quest for
                  | the Orb.
     0 | D:1      | Reached XP level 1. HP: 10/10 MP: 3/3
   245 | D:1      | You fall into a shaft and drop 1 floor!
   410 | D:2      | Reached XP level 2. HP: 16/16 MP: 3/5
   864 | D:2      | Reached XP level 3. HP: 20/20 MP: 6/6
   867 | D:2      | Reached skill level 4 in Earth Magic
   992 | D:2      | Reached skill level 1 in Fighting
   992 | D:2      | Reached skill level 1 in Conjurations
  1613 | D:3      | Reached XP level 4. HP: 25/25 MP: 1/7
  1621 | D:3      | Reached skill level 1 in Armour
  2291 | D:2      | Learned a level 3 spell: Stone Arrow
  2295 | D:2      | Learned a level 3 spell: Mephitic Cloud
  2531 | D:3      | Reached XP level 5. HP: 27/30 MP: 9/9
  2713 | D:3      | Found Siwennops's Armour Shop.
  3044 | D:4      | Found a bloodstained altar of Trog.
  3104 | D:4      | Found an ornate altar of the Wu Jian Council.
  3289 | D:4      | Noticed a lemure
  3289 | D:4      | Noticed a lemure
  3293 | D:4      | Noticed a lemure
  3316 | D:4      | Killed a lemure
  3523 | D:3      | Killed a lemure
  3534 | D:3      | Killed a lemure
  3774 | D:4      | Noticed Pikel
  3779 | D:4      | Noticed a lemure
  3797 | D:4      | Killed Pikel
  3798 | D:4      | Reached skill level 5 in Earth Magic
  3798 | D:4      | Reached XP level 6. HP: 17/37 MP: 0/11
  3798 | D:4      | Reached XP level 7. HP: 19/41 MP: 0/12
  4248 | D:5      | Entered Level 5 of the Dungeon
  4248 | D:5      | Noticed Grinder
  4254 | D:4      | Killed Grinder
  4255 | D:4      | Reached skill level 6 in Earth Magic
  4255 | D:4      | Reached XP level 8. HP: 48/48 MP: 2/14
  4459 | D:5      | Noticed Eustachio
  4468 | D:5      | Killed Eustachio
  4591 | D:5      | Found a large runed translucent door.
  4591 | D:5      | Found a large runed translucent door.
  4595 | D:5      | Noticed Vangrel's ghost (novice HOFi)
  4637 | D:5      | Noticed Blork the orc
  4807 | D:5      | Reached skill level 5 in Conjurations
  5062 | D:5      | Reached skill level 5 in Fighting
  5130 | D:5      | Reached skill level 7 in Earth Magic
  5132 | D:5      | Reached XP level 9. HP: 54/54 MP: 0/16
  5137 | D:5      | Reached skill level 5 in Spellcasting
  5270 | D:5      | Killed Blork the orc
  5270 | D:5      | Noticed Ijyb
  5600 | D:5      | Killed Ijyb
  5875 | D:6      | Noticed Duvessa
  5875 | D:6      | Noticed Dowan
  5881 | D:6      | Killed Dowan
  5898 | D:6      | Slain by Duvessa

Illustrated notes

Levels and vault maps discovered:
D:1:      lightli_iron_boxes, layout_loops_ring, basic_ecumenical_altar
D:2:      layout_basic
D:3:      minmay_skewed_foursquare, layout_loops_ring, serial_shops, shop
D:4:      layout_gridville, grunt_temple_overflow_open,
          chequers_serial_rivers_micro_c, uniq_pikel
D:5:      layout_rooms, ebering_ghost_disaster_area, nrook_mini_backslash,
          chequers_serial_rivers_micro_b, uniq_blork_the_orc, uniq_eustachio,
          uniq_grinder, uniq_ijyb
D:6:      layout_basic, minmay_temple_entry_tees, serial_bayou_ford_a,
          uniq_duvessa

Skill      XL: |  1  2  3  4  5  6  7  8  9 |
---------------+----------------------------+-----
Earth Magic    | 4 5 6 7 |  7.3
Fighting       | 1 3 5 |  5.5
Conjurations   | 1 2 3 4 5 |  5.6
Armour         | 1 2 3 |  3.8
Dodging        | 2 3 |  3.3
Spellcasting   | 3 4 5 |  5.2
Stealth        | |  2.1
Transmutations | |  0.7

Action                   |  1- 3 |  4- 6 |  7- 9 || total
-------------------------+-------+-------+-------++-------
Melee: Trident           |     9 |       |       ||     9
       Hand axe          |    29 |    51 |    32 ||   112
       Punch             |     1 |     1 |     1 ||     3
       War axe           |       |       |     4 ||     4
       Battleaxe         |       |       |     3 ||     3
 Cast: Sandblast         |    26 |    17 |     9 ||    52
       Stone Arrow       |       |    16 |    50 ||    66
  Use: Scroll            |       |     3 |     5 ||     8
       Potion            |       |     2 |     1 ||     3
 Stab: Sleeping          |     1 |     1 |       ||     2
Armor: Robe              |     3 |       |       ||     3
       Leather armour    |     9 |    21 |    35 ||    65
Dodge: Dodged            |    31 |    49 |    39 ||   119
